Match 38143385
Unlisted

Match 38143385
End
250 Light Carrier
Selects Italian Infantry
Panzergrenadier Squad
Panzergrenadier Squad
Construct Light Support Kompanie
Combat Half-tracks
Fire Support Elements
Selects Guastatori Squad
Guastatori Squad
Tungsten Core Ammunition
Panzergrenadier Squad
Flakvierling Half-track
Selects Defensive Operations
Selects Registered Artillery
Guastatori Squad
Veteran Squad Leaders
2.5-tonne Medical Truck
AI Takeover
CPU_Eazy
HungryCreep
Vandaaltje
tom_peters93
STALKER4732
ezh
kit.ohume
Devochkin
0
0

Comments sign in to comment!

No comments posted yet!